 Dungeon Crawl Stone Soup version 0.30.0-29-ga12c61a403 (webtiles) character file.

Game seed: 6417226751364567787

527 McKennaii the Trooper (level 7, -1/55 HPs)
             Began as a Demonspawn Fighter on June 4, 2023.
             Slain by Edmund
             ... wielding a +4 flail of holy wrath
              (9 damage)
             ... on level 4 of the Dungeon.
             The game lasted 00:03:14 (2945 turns).

McKennaii the Trooper (Demonspawn Fighter)          Turns: 2945, Time: 00:03:15

Health: -1/55      AC:  8    Str: 19    XL:     7   Next: 3%
Magic:  7/7        EV: 14    Int:  9    God:
Gold:   218        SH:  5    Dex: 12    Spells: 6/6 levels left

rFire   . . .        a - +0 trident
rCold   . . .        c - +0 buckler
rNeg    . . .        b - +0 scale mail
rPois   .            (helmet restricted)
rElec   .            (no cloak)
rCorr   .            (no gloves)
SInv    .            n - +0 pair of boots
Will    .....        (no amulet) Stlth
                     (no ring)
HPRegen 0.29/turn    (no ring)
MPRegen 0.10/turn

%: no passive effects
@: agile
A: antennae 1, powered by pain 2
a: no special abilities


You were on level 4 of the Dungeon.
You visited 1 branch of the dungeon, and saw 4 of its levels.

You collected 218 gold pieces.

Inventory:

Hand Weapons
 a - a +0 trident (weapon)
Armour
 b - a +0 scale mail (worn)
 c - a +0 buckler (worn)
 n - a +0 pair of boots (worn)
Wands
 o - a wand of polymorph (4)
Scrolls
 j - a scroll of noise
 l - 5 scrolls of identify {unknown}
 p - a scroll of immolation {unknown}
Potions
 d - 2 potions of might
 f - 2 potions of attraction {unknown}
 h - a potion of heal wounds {unknown}
 i - a potion of mutation {unknown}
 k - a potion of cancellation {unknown}
 m - a potion of curing {unknown}


   Skills:
 + Level 4.7 Fighting
 + Level 3.7 Polearms
 + Level 4.2 Armour
 + Level 4.3 Shields


You had 6 spell levels left.
You didn't know any spells.
Your spell library was empty.

Dungeon Overview and Level Annotations

Branches:
Dungeon (4/15)
 Temple: D:4-7

Altars:
Xom

Shops:
D:1 =

Annotations:
D:4 1 runed translucent door, Crazy Yiuf, Edmund


Innate Abilities, Weirdness & Mutations

You have a pair of small antennae on your head.
You sometimes gain power by taking damage.


Message History

You are too injured to fight recklessly!
You are too injured to fight recklessly!
You are too injured to fight recklessly!
You are too injured to fight recklessly!
You are too injured to fight recklessly!
You are too injured to fight recklessly!
Edmund attacks as you move away! You block Edmund's attack.
As you read the scroll labelled KORILAPNYOGO, it crumbles to dust.
You feel aware of your surroundings.
It was a scroll of magic mapping.
Edmund hits you with a +4 flail of holy wrath!
You convulse.
As you read the scroll labelled MIOMOSHRA HECK, it crumbles to dust.
You hear a loud clanging noise!
It was a scroll of noise.
Edmund hits you but does no damage.
Blink to where?
Press: ? - help, Dir - move target, p - Edmund
As you read the scroll labelled YVITAYRIENN, it crumbles to dust.
It was a scroll of blinking.
Edmund says, "What use are spells, anyway?"
Edmund says, "People accused me of being a cutpurse!"
Edmund says, "You wouldn't believe how much I paid for this flail."
Things that are here:
a jackal corpse; a jackal corpse; a jackal corpse Reach: a) +0 trident
Press: ? - help, Dir - move target, f - Edmund
Aim: Edmund, wielding a +4 flail of holy wrath and wearing a +2 scale mail of cold resistance (moderately wounded, about 37% to evade your +0 trident)
You reach to attack!
You puncture Edmund!
Edmund is heavily wounded.
You are too injured to fight recklessly!
You are too injured to fight recklessly!
You hit Edmund.
Edmund is severely wounded.
Edmund hits you with a +4 flail of holy wrath!
* * * LOW HITPOINT WARNING * * *
You convulse.
* * * LOW HITPOINT WARNING * * *
You closely miss Edmund.
Edmund is severely wounded.
Edmund hits you with a +4 flail of holy wrath!
You die...

###.######. #........#.
#...##.#.#) #...##.#...
#......#.## #..##..#.##
######### ### #..##..#.##
#####.......###.###........##
###...#.##....@....######......
#.......##.##@###.## ####...
#..........##.###.## ####
#.......#####.##...######
#.......#####.##.......>####
#.............##...#.......#
#......#############.##..#.#
####.### #.......###.#*,...#
#.# #...........#*#.#.####


You could see Edmund.

Vanquished Creatures
  Sigmund (D:3)
  An ogre (D:3)
  A kobold brigand (D:4)
  Blork the orc (D:4)
  A jelly (D:4)
  2 adders (D:2)
  2 worms
  A dart slug (D:1)
  3 orcs (D:3)
  11 ball pythons
  10 endoplasms
  3 giant cockroaches
  3 goblins
  6 hobgoblins
  8 jackals
  4 kobolds
  5 quokkas
  4 bats
  5 frilled lizards (D:1)
  6 rats
78 creatures vanquished.

Notes
Turn   | Place    | Note
-------+----------+-------------------------------------------
     0 | D:1      | McKennaii the Demonspawn Fighter began the quest for the
                  | Orb.
     0 | D:1      | Reached XP level 1. HP: 18/18 MP: 1/1
   142 | D:1      | Found Assos's Jewellery Shoppe.
   220 | D:1      | Gained mutation: You sometimes gain a little power by
                  | taking damage. [demonic ancestry]
   220 | D:1      | Reached XP level 2. HP: 24/24 MP: 2/2
   739 | D:1      | Gained mutation: You sometimes gain power by taking damage.
                  | [demonic ancestry]
   739 | D:1      | Reached XP level 3. HP: 28/29 MP: 3/3
  1340 | D:2      | Reached XP level 4. HP: 35/36 MP: 4/4
  1580 | D:3      | Noticed Sigmund
  1642 | D:3      | Found a faded altar of an unknown god.
  1768 | D:3      | Noticed an angel
  1769 | D:3      | Found a shimmering altar of Xom.
  1877 | D:3      | Noticed an ogre
  1888 | D:3      | Killed an ogre
  1889 | D:3      | Reached XP level 5. HP: 29/42 MP: 5/5
  2190 | D:3      | Killed Sigmund
  2191 | D:3      | Gained mutation: You have a pair of small antennae on your
                  | head. [demonic ancestry]
  2191 | D:3      | Reached XP level 6. HP: 34/49 MP: 6/6
  2363 | D:4      | Found a runed translucent door.
  2364 | D:4      | Noticed Crazy Yiuf
  2529 | D:4      | Noticed Blork the orc
  2538 | D:4      | Killed Blork the orc
  2682 | D:4      | Reached XP level 7. HP: 35/55 MP: 7/7
  2905 | D:4      | Noticed Edmund
  2945 | D:4      | Slain by Edmund

Illustrated notes

Levels and vault maps discovered:
D:1:      minmay_arrival_nine_rooms, layout_loops_corners, serial_shops, shop,
          minmay_split_cup_large
D:2:      layout_basic
D:3:      layout_rooms, grunt_temple_overflow_order_and_chaos_1,
          hellmonk_ecumenical_altar_leap_of_faith, uniq_sigmund
D:4:      layout_loops_cross, uniq_blork_the_orc, uniq_edmund,
          uniq_crazy_yiuf_cottage

Skill      XL: |  1  2  3  4  5  6 |
---------------+-------------------+-----
Polearms       | 2 3 |  3.7
Armour         | 3 4 |  4.2
Shields        | 3 4 |  4.3
Fighting       | 4 |  4.7

Action                     |  1- 3 |  4- 6 |  7- 9 || total
---------------------------+-------+-------+-------++-------
  Melee: Trident           |   155 |    77 |    28 ||   260
    Use: Scroll            |       |       |     3 ||     3
 Armour: Scale mail        |    77 |    10 |    12 ||    99
         Skin              |       |     1 |       ||     1
  Dodge: Dodged            |    56 |    18 |     8 ||    82
  Block: Buckler           |    35 |    15 |     3 ||    53
